 Dungeon Crawl Stone Soup version 0.31.0-9-g3a7656b989 (console) character file.

Game seed: 6813867132472591785

137 AlterAsc the Chopper (level 5, 27/41 HPs)
             Began as a Formicid Fighter on Jan 27, 2024.
             Quit the game on level 4 of the Dungeon.
             The game lasted 00:02:27 (1536 turns).

AlterAsc the Chopper (Formicid Fighter)             Turns: 1536, Time: 00:02:28

Health: 27/41      AC:  8    Str: 23    XL:     5   Next: 44%
Magic:  5/5        EV:  9    Int:  7    God:
Gold:   95         SH:  5    Dex: 13    Spells: 4/4 levels left

rFire   . . .        a - +0 war axe
rCold   . . .        c - +0 buckler
rNeg    . . .        b - +0 scale mail
rPois   .            (helmet unavailable)
rElec   .            (no cloak)
rCorr   +            f - +0 pair of gloves
SInv    +            (no boots)
Will    .....        (no amulet) Stlth
                     j - ring of resist corrosion
HPRegen 0.26/turn    (no ring)
MPRegen 0.09/turn

%: no passive effects
@: no status effects
A: permanent stasis, dig shafts and tunnels, antennae 3, four strong arms
a: Dig, Shaft Self


You were on level 4 of the Dungeon.
You visited 1 branch of the dungeon, and saw 3 of its levels.

You collected 95 gold pieces.

Inventory:

Hand Weapons
 a - a +0 war axe (weapon)
Armour
 b - a +0 scale mail (worn)
 c - a +0 buckler (worn)
 f - a +0 pair of gloves (worn)
Jewellery
 j - a ring of resist corrosion (left hand)
 m - a ring of wizardry
Scrolls
 g - a scroll of poison {unknown}
 h - a scroll of enchant weapon {unknown}
 i - a scroll of fog {unknown}
 k - a scroll of identify {unknown}
 l - a scroll of teleportation {unknown}
Potions
 d - a potion of might


   Skills:
 - Level 3.2 Fighting
 + Level 5.2 Axes
 - Level 3.2 Armour
 - Level 4.0 Shields


You had 4 spell levels left.
You didn't know any spells.
Your spell library was empty.

Dungeon Overview and Level Annotations

Branches:
Dungeon (2/15)

Altars:

Annotations:
D:2 Sigmund


Innate Abilities, Weirdness & Mutations

You cannot be hasted, slowed, berserked, paralysed or teleported.
You can dig through walls and to a lower floor.
You have a pair of large antennae on your head. (SInv)
Your four strong arms can wield two-handed weapons with a shield.


Message History

An orc comes into view. It is wielding a +0 hand axe.
The orc closely misses you.
The orc shouts!
You slash the orc!
You kill the orc!
You hear the rusting of a very distant drain.
An orc comes into view. It is wielding a +0 whip.
You slash the iguana!
The iguana is severely wounded.
The iguana completely misses you.
You barely miss the iguana.
The iguana is severely wounded.
The iguana bites you but does no damage.
You hit the iguana but do no damage.
The iguana is severely wounded.
The iguana bites you.
The iguana bites you but does no damage.
You hit the iguana.
The iguana is almost dead.
The iguana bites you!
You barely miss the iguana.
The iguana is almost dead.
You block the iguana's attack.
You hit the iguana.
You kill the iguana!
Your Axes skill increases to level 5!
You barely miss the orc. The orc hits you but does no damage. x2
You slash the orc!
The orc is almost dead.
The orc misses you.
You closely miss the orc.
The orc is almost dead.
The orc hits you with a +0 club.
You hit the orc.
You kill the orc!
The endoplasm freezes you.
You are frozen.
You slash the endoplasm!
You kill the endoplasm!
Are you sure you want to abandon this character and quit the game? (Confirm with "yes".)

...†......
#####..###
#####..#
<......#######
#####.........
######.#######
...........#
#####.####.# {
#.# #.# ,, #.#
#.#########.#>#
#.#
#......@o.o..!.
#.#
###########.#.#
#.# , #..


You could see 2 orcs.

Vanquished Creatures
  A scorpion (D:4)
  An iguana (D:4)
  2 adders (D:2)
  A dart slug (D:1)
  2 orcs (D:4)
  5 endoplasms
  A goblin (D:2)
  3 hobgoblins
  2 quokkas (D:1)
  3 ball pythons
  5 bats
  4 frilled lizards (D:1)
  3 kobolds
  4 rats
37 creatures vanquished.

Notes
Turn   | Place    | Note
-------+----------+-------------------------------------------
     0 | D:1      | AlterAsc the Formicid Fighter began the quest for the Orb.
     0 | D:1      | Reached XP level 1. HP: 18/18 MP: 1/1
    87 | D:1      | Reached XP level 2. HP: 24/24 MP: 2/2
   301 | D:1      | Reached skill level 3 in Axes
   301 | D:1      | Found a faded altar of an unknown god.
   659 | D:1      | Reached XP level 3. HP: 25/29 MP: 3/3
  1176 | D:2      | Reached skill level 4 in Axes
  1176 | D:2      | Reached XP level 4. HP: 23/35 MP: 4/4
  1269 | D:2      | Noticed Sigmund
  1276 | D:2      | You fall into a shaft and drop 2 floors!
  1334 | D:4      | Noticed a scorpion
  1349 | D:4      | Killed a scorpion
  1350 | D:4      | Reached XP level 5. HP: 10/41 MP: 5/5
  1531 | D:4      | Reached skill level 5 in Axes
  1536 | D:4      | Quit the game

Illustrated notes

Levels and vault maps discovered:
D:1:      amcnicky_arrival_wind_blow, layout_loops_corners,
          dreamdust_ecumenical_altar_statues
D:2:      layout_rooms, hangedman_glass_teeth,
          hangedman_abyss_or_decor_lesser_grid, minmay_ruptured, uniq_sigmund,
          uniq_crazy_yiuf_cottage
D:4:      layout_loops_ring, mainiacjoe_overflow_catwalk,
          mainiacjoe_overflow_concentric_impassable, serial_demonic,
          serial_demonic_b, serial_demonic_b, serial_demonic_a,
          serial_demonic_f, gup_sewer_entry_bowl

Skill      XL: |  1  2  3  4  5 |
---------------+----------------+-----
Axes           | 3 4 5 |  5.2
Fighting       | |  3.2
Armour         | |  3.2
Shields        | |  4.0

Action                     |  1- 3 |  4- 6 || total
---------------------------+-------+-------++-------
  Melee: War axe           |    84 |    26 ||   110
Ability: Shaft Self        |       |     1 ||     1
    Use: Potion            |       |     2 ||     2
 Armour: Scale mail        |    50 |    25 ||    75
         Skin              |       |     3 ||     3
  Dodge: Dodged            |    37 |     6 ||    43
  Block: Buckler           |    14 |     4 ||    18
